 Dungeon Crawl Stone Soup version 0.28.0-43-g3370ac3207 (webtiles) character file.

Game seed: 7272798780874094693

517 vvl the Firebug (level 7, -1/51 HPs)
             Began as a Demonspawn Fire Elementalist on Mar 9, 2022.
             Was an Initiate of Makhleb.
             Slain by a vampire
             ... wielding a +0 quarterstaff
              (9 damage)
             ... on level 5 of the Dungeon.
             The game lasted 00:13:17 (6221 turns).

vvl the Firebug (Demonspawn Fire Elementalist)      Turns: 6221, Time: 00:13:18

Health: -1/51      AC:  4    Str: 22    XL:     7   Next: 0%
Magic:  6/11       EV: 17    Int: 16    God:    Makhleb [......]
Gold:   203        SH:  0    Dex: 14    Spells: 2/12 levels left

rFire   . . .      SeeInvis .   p - +0 short sword (elec)
rCold   . . .      Faith    .   (no shield)
rNeg    . . .      Spirit   .   j - +0 leather armour
rPois   .          Reflect  .   i - +0 helmet
rElec   .          Harm     .   l - scarf {repulsion}
rCorr   .          Rampage  .   (no gloves)
Will    .....                   (no boots)
Stlth   ++........              (no amulet)
HPRegen 0.17/turn               d - +6 ring of strength
MPRegen 0.12/turn               m - +6 ring of strength

@: agile, repel missiles
A: ignite blood 2, powered by pain 1, weakness stinger 2
a: Renounce Religion


You were on level 5 of the Dungeon.
You worshipped Makhleb.
Makhleb was noncommittal.
You visited 2 branches of the dungeon, and saw 6 of its levels.

You collected 203 gold pieces.

Inventory:

Hand Weapons
 a - a +0 whip of draining
 p - a +0 short sword of electrocution (weapon)
Missiles
 o - 2 throwing nets
Armour
 i - a +0 helmet (worn)
 j - a +0 leather armour (worn)
 l - a scarf of repulsion (worn)
Magical Staves
 s - a staff of fire
Jewellery
 c - a ring of positive energy
 d - a +6 ring of strength (left hand)
 h - a +4 ring of evasion
 m - a +6 ring of strength (right hand)
Scrolls
 b - 2 scrolls of amnesia
 e - 2 scrolls of enchant weapon {unknown}
 f - a scroll of fog {unknown}
 g - a scroll of summoning
 n - a scroll of immolation
 r - 2 scrolls of brand weapon {unknown}
Potions
 q - a potion of lignification {unknown}


   Skills:
 + Level 2.5 Fighting
 + Level 2.1 Armour
 - Level 2.0 Dodging
 - Level 2.0 Stealth
 + Level 3.2 Spellcasting
 + Level 3.0 Conjurations
 + Level 2.9 Necromancy
 + Level 3.7 Fire Magic
 + Level 1.4 Invocations


You had 2 spell levels left.
You knew the following spells:

 Your Spells              Type           Power      Damage    Failure   Level
a - Foxfire               Conj/Fire      52%        2x1d6     5%          1
b - Scorch                Fire           28%        2d6       7%          2
c - Inner Flame           Hex/Fire       8%         N/A       28%         3
d - Flame Wave            Conj/Fire      13%        2d6       45%         4

Your spell library contained the following spells:

 Spells                   Type           Power      Damage    Failure   Level
 Conjure Flame            Conj/Fire      13%        6-21      16%         3
 Tukima's Dance           Hex            2%         N/A       54%         3
 Passage of Golubria      Tloc           2%         N/A       91%         4
 Yara's Violent Unravell  Hex/Tmut       1%         3d3       99%         5


Dungeon Overview and Level Annotations

Branches:
Dungeon (5/15)             Temple (1/1) D:4

Altars:
Ashenzari
Fedhas
Gozag
Hepliaklqana
Makhleb
Nemelex Xobeh
Okawaru
Qazlal
Sif Muna
Trog
Uskayaw
Vehumet
Wu Jian
Xom
Yredelemnul
Zin
The Shining One


Innate Abilities, Weirdness & Mutations

Your demonic aura often causes spilled blood to erupt in flames.
You sometimes gain a little power by taking damage.
You have a tail ending in a sharp stinger.


Message History

You conjure some foxfire!
The foxfire hits something but does no damage. x2
You conjure some foxfire!
The foxfire hits something.
Your foxfire dissipates!
The foxfire hits something.
Something hits you! Something bites you but does no damage.
The foxfire hits something but does no damage. x2
Casting: Foxfire (safe; 5% risk of failure)
Confirm with . or Enter, or press ? or * to list all spells.
You conjure some foxfire!
Something hits you!
You focus on the pain.
You feel your power returning. Something bites you.
Something draws strength from your injuries!
The foxfire hits something but does no damage. x2
Casting: Foxfire (safe; 5% risk of failure)
Confirm with . or Enter, or press ? or * to list all spells.
You conjure some foxfire!
A stone appears from out of thin air!
The stone hits you!
* * * LOW HITPOINT WARNING * * *
You focus on the pain.
You feel agile all of a sudden.
The foxfire hits something but does no damage. x2
Casting: Foxfire (safe; 5% risk of failure)
Confirm with . or Enter, or press ? or * to list all spells.
You conjure some foxfire!
You hear some strange, mumbled words.
Something tries to affect you, but you resist.
Casting: Foxfire (safe; 5% risk of failure)
Confirm with . or Enter, or press ? or * to list all spells.
You conjure some foxfire!
The foxfire hits something.
The foxfire hits something but does no damage.
Casting: Foxfire (safe; 5% risk of failure)
Confirm with . or Enter, or press ? or * to list all spells.
You conjure some foxfire!
The foxfire hits something but does no damage. x2
Casting: Foxfire (safe; 5% risk of failure)
Confirm with . or Enter, or press ? or * to list all spells.
You conjure some foxfire!
The foxfire hits something but does no damage.
The foxfire hits something.
Something closely misses you. Something bites you!
You die...

#.........####.####..#####
# #........####.......##
#..................###
###########..........##
##............##
##..............#
#.........).....##
#....v...........##
#...{@............#
##...v§...........#
#...°............#
#...............##
.....................##
.....###.......[....##
.... ##..[....##### ## ...
######.## .. .. ##. #.....


There were no monsters in sight!

Vanquished Creatures
  2 ogres
  A jelly (D:5)
  3 hounds
  2 orc priests (D:4)
  2 iguanas
  A hound skeleton (D:4)
  4 adders
  7 orcs (D:3)
  6 endoplasms
  A giant cockroach (D:1)
  5 goblins
  9 hobgoblins
  3 kobolds
  A quokka (D:1)
  7 ball pythons
  8 bats
  5 frilled lizards (D:1)
  5 rats (D:1)
72 creatures vanquished.

Vanquished Creatures (others)
  255 foxfires
255 creatures vanquished.

Grand Total: 327 creatures vanquished

Notes
Turn   | Place    | Note
-------+----------+-------------------------------------------
     0 | D:1      | vvl the Demonspawn Fire Elementalist began the quest for
                  | the Orb.
     0 | D:1      | Reached XP level 1. HP: 13/13 MP: 3/3
   718 | D:1      | Gained mutation: Your demonic aura sometimes causes spilled
                  | blood to erupt in flames. [demonic ancestry]
   718 | D:1      | Reached XP level 2. HP: 9/20 MP: 1/5
  1688 | D:2      | Gained mutation: You sometimes gain a little power by
                  | taking damage. [demonic ancestry]
  1688 | D:2      | Reached XP level 3. HP: 23/25 MP: 0/6
  1746 | D:2      | Found a faded altar of an unknown god.
  1974 | D:2      | Reached skill level 1 in Necromancy
  2292 | D:2      | Learned a level 2 spell: Scorch
  2398 | D:3      | Found a radiant altar of Vehumet.
  2448 | D:3      | Reached skill level 1 in Fighting
  2852 | D:3      | Found a bloodstained altar of Trog.
  3081 | D:3      | Reached XP level 4. HP: 28/32 MP: 5/7
  3494 | D:4      | Noticed an ogre
  3872 | D:3      | Killed an ogre
  3873 | D:3      | Reached skill level 1 in Armour
  3873 | D:3      | Gained mutation: You have a small tail. [demonic ancestry]
  3873 | D:3      | Reached XP level 5. HP: 18/38 MP: 2/9
  4959 | D:4      | Found a shimmering altar of Xom.
  4987 | D:4      | Gained mutation: Your demonic aura often causes spilled
                  | blood to erupt in flames. [demonic ancestry]
  4987 | D:4      | Reached XP level 6. HP: 32/44 MP: 6/10
  5119 | D:4      | Found a staircase to the Ecumenical Temple.
  5155 | Temple   | Entered the Ecumenical Temple
  5164 | Temple   | Became a worshipper of Makhleb the Destroyer
  5423 | D:4      | Reached skill level 1 in Invocations
  5611 | D:5      | Entered Level 5 of the Dungeon
  5693 | D:5      | Learned a level 3 spell: Inner Flame
  5698 | D:5      | Learned a level 4 spell: Flame Wave
  5710 | D:5      | Found a sparkling altar of Nemelex Xobeh.
  6135 | D:5      | Gained mutation: You have a tail ending in a sharp stinger.
                  | [demonic ancestry]
  6135 | D:5      | Reached XP level 7. HP: 51/51 MP: 7/11
  6200 | D:5      | Noticed a vampire
  6221 | D:5      | Slain by a vampire

Illustrated notes

Levels and vault maps discovered:
D:1:      wander_arrival_estate, layout_basic, nrook_campfire
D:2:      layout_loops_ring, ebering_ecumenical_altar_sacrificial, minivault_25
D:3:      layout_basic, mainiacjoe_overflow_alcove_1,
          mainiacjoe_overflow_brackets, hex_intersection
D:4:      layout_rooms, mainiacjoe_overflow_alcove_2,
          mainiacjoe_overflow_small_starburst, minmay_temple_entry_proselytizer
D:5:      layout_cave_pods, mainiacjoe_overflow_24_doors,
          nicolae_ru_great_annihilating_truth, serial_shops,
          kennysheep_mini_moat, uniq_crazy_yiuf_cottage, uniq_menkaure
Temple:   nicolae_temple_x_marks_the_god

Skill      XL: |  1  2  3  4  5  6 |
---------------+-------------------+-----
Dodging        | 2 |  2.0
Stealth        | 2 |  2.0
Necromancy     | 1 2 |  2.9
Fighting       | 1 2 |  2.5
Fire Magic     | 3 |  3.7
Armour         | 1 2 |  2.1
Conjurations   | 2 3 |  3.0
Spellcasting   | 3 |  3.2
Invocations    | 1 |  1.4

Action                   |  1- 3 |  4- 6 |  7- 9 || total
-------------------------+-------+-------+-------++-------
Melee: Unarmed           |    73 |       |       ||    73
       Punch             |     1 |       |       ||     1
       Falchion          |    31 |       |       ||    31
       Short sword       |       |    40 |       ||    40
       Tailslap          |       |     7 |       ||     7
 Cast: Foxfire           |    58 |    70 |    17 ||   145
  Use: Scroll            |     3 |     4 |       ||     7
       Potion            |       |     1 |       ||     1
 Stab: Sleeping          |     5 |     1 |       ||     6
Armor: Robe              |    17 |       |       ||    17
       Leather armour    |    16 |    10 |     1 ||    27
Dodge: Dodged            |    87 |    79 |     2 ||   168
